 Dungeon Crawl Stone Soup version 0.29.1-2-gbd0b4ee654 (webtiles) character file.

Game seed: 2892734911778748485

4851 MaxHasHax6295 the Spear-Bearer (level 10, -1/88 HPs)
             Began as a Minotaur Berserker on Oct 27, 2022.
             Was a Priest of Trog.
             Succumbed to a killer bee's poison
             ... on level 8 of the Dungeon.
             The game lasted 00:18:51 (10166 turns).

MaxHasHax6295 the Spear-Bearer (MiBe)              Turns: 10166, Time: 00:18:51

Health: -1/88      AC: 17    Str: 26    XL:     10   Next: 25%
Magic:  9/9        EV:  5    Int:  4    God:    Trog [***...]
Gold:   121        SH: 12    Dex:  8    Spells: 9/9 levels left

rFire   . . .      SeeInvis +   q - +3 trident (protect)
rCold   . . .      Faith    .   n - +0 tower shield
rNeg    . . .      Spirit   .   m - +2 plate armour
rPois   .          Reflect  .   (helmet restricted)
rElec   .          Harm     .   p - +0 cloak
rCorr   .          Rampage  .   (no gloves)
Will    .....                   (no boots)
Stlth   ..........              (no amulet)
HPRegen 0.24/turn               u - ring of see invisible
MPRegen 0.11/turn               (no ring)

@: lethally poisoned (-1 -> -6), on berserk cooldown, slowed, very slow
A: horns 2, retaliatory headbutt, clumsy 1
a: Renounce Religion, Berserk, Trog's Hand


You were on level 8 of the Dungeon.
You worshipped Trog.
Trog was most pleased with you.
You visited 1 branch of the dungeon, and saw 8 of its levels.

You collected 361 gold pieces.
You spent 240 gold pieces at shops.

Inventory:

Hand Weapons
 o - a +4 spear
 q - a +3 trident of protection (weapon)
Armour
 m - a +2 plate armour (worn)
 n - a +0 tower shield (worn)
 p - a +0 cloak (worn)
Jewellery
 u - a ring of see invisible (left hand)
 A - an amulet of guardian spirit
Wands
 t - a wand of polymorph (3)
 v - a wand of flame (30)
Scrolls
 c - a scroll of amnesia
 d - a scroll of enchant weapon {unknown}
 f - 2 scrolls of enchant armour
 g - 3 scrolls of identify {unknown}
 i - a scroll of silence {unknown}
 l - a scroll of vulnerability {unknown}
 w - a scroll of noise {unknown}
 y - a scroll of blinking {unknown}
Potions
 a - 2 potions of mutation
 b - 2 potions of berserk rage {unknown}
 h - a potion of ambrosia {unknown}
 j - 2 potions of haste {unknown}
 k - a potion of degeneration {unknown}
 r - a potion of flight {unknown}
 s - a potion of curing {unknown}
 x - a potion of experience {unknown}
 z - a potion of magic {unknown}


   Skills:
 + Level 8.0 Fighting
 - Level 2.3(2.6) Short Blades
 - Level 1.8(2.5) Long Blades
 + Level 5.4(9.0) Axes
 * Level 11.1(11.6) Polearms
 + Level 8.4 Armour
 + Level 3.4 Dodging
 + Level 1.2 Stealth
 + Level 6.5 Shields


You had 9 spell levels left.
You didn't know any spells.
Your spell library was empty.

Dungeon Overview and Level Annotations

Branches:
Dungeon (9/15)             Temple (0/1) D:5
   Lair: D:8-11         Orc: D:9-12

Altars:
Dithmenos
Wu Jian

Shops:
D:6 *   D:7 =


Innate Abilities, Weirdness & Mutations

You have a pair of horns on your head.
You reflexively headbutt those who attack you in melee.
You are clumsy. (Dex -2)


Message History

You feel very sick. You block the killer bee's attack. x2
The killer bee stings you but does no damage.
You hit the killer bee.
The killer bee is almost dead.
You feel very sick. You block the killer bee's attack.
The killer bee stings you but does no damage.
You block the killer bee's attack.
You puncture the killer bee!
You kill the killer bee!
Trog accepts your kill.
You feel sick.
The killer bee stings you but does no damage. x3
You block the killer bee's attack.
You are no longer berserk.
You are exhausted.
You feel yourself slow down.
You feel sick. The killer bee stings you.
* * * LOW HITPOINT WARNING * * *
You block the killer bee's attack.
* * * LOW HITPOINT WARNING * * *
You feel very sick.
The killer bee stings you but does no damage.
The killer bee stings you.
* * * LOW HITPOINT WARNING * * *
The killer bee stings you but does no damage. x2
You block the killer bee's attack. x2
There is a stone staircase leading down, spattered with blood here.
You miss the killer bee. Your headbutt misses the killer bee.
* * * LOW HITPOINT WARNING * * *
You feel sick.
The killer bee stings you but does no damage.
You block the killer bee's attack. The killer bee closely misses you.
You furiously retaliate!
You headbutt the killer bee. You block the killer bee's attack.
The killer bee stings you.
* * * LOW HITPOINT WARNING * * *
The killer bee stings you but does no damage.
It was a potion of mutation.
You feel extremely strange.
You feel clumsy.
You die...

##..###..## ###....## ##.....##
### ###..####.## ##.....####.#
##.#..# #..# ##...........##
##.##..## ##<#
.......#####..#####..###..###..#
#######..####..##.##..###..#..##
# #...#...#......####........# #
#####.......y..#####..#....###
#######.........@..##...#........
.##............y....[..##........
...........>..).......##....#####
#.........................###
........##................# #
.........#................# ####
..........................####.##
..[....................##.....##.
.....(................##.......).


You could see 2 killer bees.

Vanquished Creatures
  A kobold demonologist (D:6)
  A hornet (D:7)
  7 yaks
  3 steam dragons (D:7)
  4 water moccasins
  Duvessa (D:6)
  An orc warrior (D:7)
  A sky beast (D:7)
  2 black bears
  An ogre (D:6)
  3 centaurs
  2 phantoms
  2 kobold brigands (D:7)
  Blork the orc (D:6)
  3 bullfrogs
  3 scorpions
  6 wights
  Dowan (D:6)
  6 killer bees
  2 jellies (D:8)
  3 hounds
  2 iguanas
  5 orc wizards
  An adder (D:5)
  3 gnolls (D:7)
  2 shadow imps
  A white imp (D:6)
  2 worms
  3 dart slugs (D:1)
  14 orcs
  2 ball pythons
  2 bats (D:1)
  3 endoplasms (D:1)
  3 giant cockroaches
  2 goblins (D:1)
  7 hobgoblins
  2 quokkas (D:1)
  3 frilled lizards (D:1)
  9 kobolds
  3 rats (D:1)
123 creatures vanquished.

Vanquished Creatures (others)
  14 fungi (D:7)
  17 plants (D:9)
31 creatures vanquished.

Grand Total: 154 creatures vanquished

Notes
Turn   | Place    | Note
-------+----------+-------------------------------------------
     0 | D:1      | MaxHasHax6295 the Minotaur Berserker began the quest for
                  | the Orb.
     0 | D:1      | Reached XP level 1. HP: 19/19 MP: 0/0
   221 | D:1      | Reached XP level 2. HP: 21/27 MP: 1/1
   930 | D:1      | Reached XP level 3. HP: 29/33 MP: 2/2
   991 | D:1      | Reached ** piety under Trog
  1726 | D:1      | You fall into a shaft and drop 1 floor!
  1738 | D:2      | You fall into a shaft and drop 2 floors!
  2262 | D:5      | Entered Level 5 of the Dungeon
  2297 | D:5      | Noticed a wight
  2298 | D:5      | Noticed a wight
  2315 | D:5      | Killed a wight
  2316 | D:5      | Reached skill level 1 in Short Blades
  2316 | D:5      | Reached skill level 5 in Axes
  2316 | D:5      | Reached XP level 4. HP: 41/41 MP: 3/3
  2320 | D:5      | Reached skill level 5 in Fighting
  2320 | D:5      | Reached XP level 5. HP: 28/48 MP: 4/4
  2733 | D:5      | Reached skill level 1 in Long Blades
  2733 | D:5      | Reached skill level 1 in Stealth
  2733 | D:5      | Reached XP level 6. HP: 48/56 MP: 5/5
  3282 | D:5      | Reached skill level 1 in Polearms
  3384 | D:5      | Reached XP level 7. HP: 50/63 MP: 6/6
  3618 | D:5      | Found a staircase to the Ecumenical Temple.
  4117 | D:6      | Reached skill level 2 in Polearms
  4182 | D:6      | Found Gesiynum's Neck Hole.
  4194 | D:6      | Bought a +0 cloak for 45 gold pieces
  4207 | D:6      | Noticed Blork the orc
  4215 | D:6      | Killed Blork the orc
  4387 | D:6      | Reached skill level 3 in Polearms
  4387 | D:6      | Reached skill level 5 in Armour
  4485 | D:6      | Reached skill level 4 in Polearms
  4733 | D:6      | Found a shadowy altar of Dithmenos.
  4916 | D:6      | Noticed Duvessa
  4954 | D:6      | Killed Duvessa
  4955 | D:6      | Reached skill level 5 in Polearms
  4955 | D:6      | Reached skill level 1 in Shields
  4955 | D:6      | Reached XP level 8. HP: 71/71 MP: 7/7
  4955 | D:6      | Noticed Dowan
  4958 | D:6      | Killed Dowan
  5382 | D:7      | Reached skill level 6 in Polearms
  5940 | D:7      | Found Hufrytoq's Jewellery Shop.
  5950 | D:7      | Reached skill level 7 in Polearms
  5965 | D:7      | Bought a ring of see invisible for 195 gold pieces
  6049 | D:7      | Found an ornate altar of the Wu Jian Council.
  6234 | D:7      | Reached *** piety under Trog
  6235 | D:7      | Reached skill level 8 in Polearms
  6235 | D:7      | Reached XP level 9. HP: 64/78 MP: 8/8
  7395 | D:7      | Reached skill level 9 in Polearms
  7514 | D:7      | Noticed a kobold demonologist
  7542 | D:6      | Noticed a rust devil
  7546 | D:6      | Killed a kobold demonologist
  7899 | D:7      | Paralysed by a hornet for 1 turns
  7902 | D:7      | Reached skill level 5 in Shields
  8943 | D:8      | Reached skill level 10 in Polearms
  9527 | D:9      | Reached XP level 10. HP: 88/88 MP: 9/9
  9801 | D:9      | Reached skill level 11 in Polearms
 10165 | D:8      | HP: 1/88 [killer bee (5)]
 10166 | D:8      | Gained mutation: You are clumsy. (Dex -2) [potion of
                  | mutation]
 10166 | D:8      | Succumbed to a killer bee's poison

Illustrated notes

Levels and vault maps discovered:
D:1:      lightli_arrival_flooded_house, layout_basic
D:2:      layout_rooms, nicolae_ecumenical_oubliette
D:4:      minmay_evil_eye, layout_loops_cross, tso_altar,
          gammafunk_temple_overflow_claw, dreamdust_princess_bridge
D:5:      layout_basic, lemuel_temple_firewalk_a, kennysheep_windowed_goal
D:6:      layout_loops_ring, nicolae_dithmenos_the_darkroom,
          nicolae_shop_sticking_my_neck_out, uniq_blork_the_orc, uniq_duvessa
D:7:      kennysheep_steamy, layout_basic, pdpol_wu_jian_five_deadly_venoms,
          serial_shops, shop, grunt_tough_drop
D:8:      layout_layer_cave
D:9:      layout_basic, nicolae_uskayaw_en_pointe, minmay_lair_entry_grove

Skill      XL: |  1  2  3  4  5  6  7  8  9 10 |
---------------+-------------------------------+-----
Axes           | 4 5 |  5.4
Fighting       | 4 5 6 8 |  8.0
Short Blades   | 1 2 |  2.3
Armour         | 3 4 5 6 8 |  8.4
Long Blades    | 1 |  1.8
Dodging        | 3 |  3.4
Stealth        | 1 |  1.2
Polearms       | 1 5 8 10 11 | 11.1
Shields        | 1 3 6 |  6.5

Action                   |  1- 3 |  4- 6 |  7- 9 | 10-12 || total
-------------------------+-------+-------+-------+-------++-------
Melee: Hand axe          |    61 |       |       |       ||    61
       Headbutt          |    12 |     6 |    33 |     7 ||    58
       Short sword       |    39 |     3 |       |       ||    42
       Punch             |     1 |       |       |       ||     1
       Great sword       |       |    17 |       |       ||    17
       Spear             |       |    11 |    17 |       ||    28
       Trident           |       |       |   223 |    43 ||   266
Invok: Berserk           |     1 |       |     6 |     2 ||     9
       Trog's Hand       |     1 |       |     1 |       ||     2
Evoke: Wand              |       |       |     2 |       ||     2
  Use: Scroll            |       |       |       |     5 ||     5
       Potion            |       |       |       |     1 ||     1
 Stab: Sleeping          |     1 |       |       |       ||     1
Armor: Animal skin       |     9 |       |       |       ||     9
       Ring mail         |     3 |       |       |       ||     3
       Plate armour      |       |    20 |   176 |    66 ||   262
Dodge: Dodged            |    57 |     8 |    36 |    22 ||   123
Block: Tower shield      |       |     1 |   170 |    70 ||   241
